Map: Acid Plant LE

Players

SpeCial - Winner!

  • Race: Terran Terran
  • Spawn Location: 5:00

Zest

  • Race: Protoss Protoss
  • Spawn Location: 11:00

Event: IEM Season 12 - Katowice

VOD

Have the link to the VOD?

Description

Time

  • Played on: Feb. 27, 2018, 5:54 a.m.
  • Length: 10:06

All games in this series

Show
View Real Time Build Order
Export as new Build Order

SpeCial Terran - Winner!

Build Orders: Cyclone Opening, Reaper Expand 

Get SALT Encoding   

  12  0:00  SCV  
  13  0:12  SCV  
  14  0:17  Supply Depot  
  14  0:25  SCV  
  15  0:38  SCV  
  15  0:40  Barracks  
  16  0:43  Refinery  
  16  0:50  SCV  
  17  1:02  SCV  
  18  1:14  SCV  
  19  1:28  Reaper, Orbital Command  
  20  1:41  Command Center  
  20  1:50  Supply Depot  
  20  1:56  Bunker  
  20  1:59  Marine  
  21  2:03  SCV  
  22  2:13  Factory  
  22  2:17  SCV  
  22  2:20  Barracks Reactor  
  23  2:27  Refinery  
  23  2:29  SCV  
  24  2:41  SCV  
  25  2:54  SCV  
  25  2:56  Orbital Command  
  25  2:57  Cyclone  
  25  2:58  Marine x2  
  30  3:06  SCV  
  31  3:14  Starport  
  31  3:17  Marine x2  
  31  3:18  SCV  
  34  3:22  SCV  
  35  3:31  Factory Tech Lab  
  34  3:35  SCV x2, Marine x2  
  38  3:42  Supply Depot  
  38  3:47  SCV x2  
  39  3:52  Marine x2  
  44  3:55  Siege Tank  
  41  4:04  SCV, Medivac  
  41  4:05  SCV  
  45  4:10  Marine x2  
  45  4:14  Supply Depot  
  45  4:17  SCV  
  48  4:21  Engineering Bay  
  48  4:22  SCV  
  49  4:29  SCV  
  50  4:31  Marine  
  50  4:32  Supply Depot  
  50  4:34  SCV  
  51  4:41  Supply Depot, SCV  
  51  4:46  SCV  
  51  4:49  Raven  
  51  4:51  Factory Tech Lab  
  51  4:52  Marine x2  
  54  4:53  SCV  
  54  4:57  Missile Turret  
  54  4:58  SCV  
  58  5:04  Barracks  
  58  5:12  SCV x2  
  56  5:15  Siege Tank  
  59  5:21  Marine x2  
  59  5:24  SCV x2  
  63  5:31  Refinery  
  60  5:36  SCV x2  
  60  5:39  Marine x2  
  64  5:44  Barracks  
  64  5:47  Terran Infantry Weapons Level 1  
  64  5:48  SCV  
  65  5:57  Starport Reactor, Marine  
  65  5:58  SCV  
  65  6:00  SCV  
  65  6:03  Marine  
  65  6:04  Marine  
  70  6:06  Supply Depot  
  70  6:09  Siege Tank  
  73  6:15  Marine  
  74  6:21  Marine  
  74  6:23  SCV x2  
  77  6:26  Marine  
  77  6:28  Barracks  
  77  6:29  Supply Depot, Barracks  
  78  6:32  Marine  
  78  6:37  Medivac  
  78  6:38  Barracks Tech Lab  
  78  6:39  Marine  
  82  6:43  Marine  
  82  6:47  Supply Depot, Siege Tank  
  82  6:49  Supply Depot  
  82  6:50  Supply Depot  
  85  6:57  Marine x2  
  85  6:58  Marine  
  85  7:01  Marine  
  85  7:06  SCV  
  86  7:15  Marine  
  81  7:16  Marine  
  81  7:18  Marine  
  81  7:19  Siege Tank, Marine  
  72  7:32  SCV  
  72  7:33  Marine  
  72  7:34  Marine  
  72  7:36  Marine  
  70  7:37  Marine  
  71  7:46  SCV, Stimpack  
  71  7:49  Missile Turret  
  71  7:51  Marine x2  
  72  7:52  Starport Reactor, Siege Tank  
  72  7:54  SCV, Marine  
  72  7:55  Marine  
  72  7:57  Marine  
  83  7:58  SCV  
  83  8:04  Barracks Tech Lab  
  82  8:08  SCV  
  82  8:09  Supply Depot x2, Marine x2  
  82  8:10  SCV  
  82  8:12  Marine  
  87  8:13  Marine  
  87  8:15  Marine  
  89  8:24  Supply Depot, Marine  
  89  8:26  Marine  
  91  8:27  Marine, Combat Shields  
  91  8:29  Marine  
  91  8:31  Marine  
  94  8:34  Marine  
  94  8:35  SCV  
  96  8:42  Marine  
  96  8:43  Siege Tank  
  96  8:48  Marine x2  
  92  8:49  Marine  
  92  8:54  SCV  
  88  8:57  Marine x2  
  88  9:01  Medivac  
  90  9:03  Marine  
  90  9:05  Marine  
  90  9:06  Marine  
  92  9:14  Marine  
  92  9:15  Marine x2  
  90  9:21  Marine  
  90  9:22  Siege Tank  
  90  9:23  Marine  
  95  9:29  Marine  
  96  9:32  Marine  
  96  9:37  Marine  
  96  9:38  Marine  
  99  9:39  Marine  
  99  9:41  Marine  
  101  9:46  Marine  
Show
View Real Time Build Order
Export as new Build Order

Zest Protoss 

Build Orders: Zealot Archon, Dark Templar Rush 

Get SALT Encoding   

  12  0:00  Probe  
  13  0:12  Probe  
  14  0:17  Pylon  
  14  0:24  Probe  
  15  0:36  Probe  
  15  0:38  Gateway  
  16  0:47  Assimilator  
  16  0:49  Probe  
  17  0:56  Pylon  
  17  1:01  Probe  
  18  1:13  Probe  
  18  1:14  Gateway  
  19  1:26  Cybernetics Core  
  19  1:31  Zealot  
  21  1:35  Probe  
  22  1:43  Assimilator  
  22  1:47  Probe  
  23  1:56  Pylon  
  23  1:59  Stalker (Chrono Boost)  
  23  2:01  Probe  
  24  2:04  Warp Gate  
  26  2:13  Probe  
  27  2:23  Twilight Council  
  27  2:27  Stalker (Chrono Boost)  
  28  2:31  Probe  
  29  2:43  Probe  
  29  2:55  Probe  
  29  3:03  Dark Shrine  
  29  3:07  Probe  
  30  3:14  Nexus  
  30  3:19  Probe  
  31  3:27  Gateway  
  31  3:35  Probe  
  30  3:47  Probe  
  31  3:59  Probe  
  32  4:11  Probe (Chrono Boost)  
  32  4:15  Pylon, Dark Templar  
  35  4:21  Probe (Chrono Boost)  
  36  4:25  Dark Templar  
  36  4:26  Probe (Chrono Boost)  
  36  4:31  Probe (Chrono Boost)  
  40  4:36  Probe (Chrono Boost)  
  40  4:40  Probe (Chrono Boost)  
  40  4:41  Probe (Chrono Boost)  
  40  4:45  Charge (Chrono Boost)  
  41  4:50  Probe (Chrono Boost), Dark Templar  
  41  4:51  Robotics Facility  
  42  4:54  Probe (Chrono Boost)  
  44  5:02  Probe (Chrono Boost)  
  44  5:04  Probe (Chrono Boost), Gateway x2  
  45  5:11  Probe  
  44  5:18  Gateway  
  44  5:19  Gateway  
  44  5:23  Pylon  
  44  5:26  Dark Templar  
  46  5:29  Stalker  
  48  5:36  Warp Prism (Chrono Boost)  
  50  5:45  Pylon  
  50  5:52  Dark Templar, Gateway  
  50  5:55  Pylon  
  52  6:00  Pylon  
  52  6:01  Archon  
  52  6:12  Warp Prism (Chrono Boost)  
  54  6:23  Pylon, Zealot x2  
  54  6:24  Zealot x3  
  64  6:26  Zealot  
  66  6:37  Pylon  
  66  6:54  Zealot x7  
  70  7:16  Zealot x7  
  38  7:51  Dark Templar  
  38  7:52  Dark Templar x3  
  38  7:55  Archon  
  38  7:56  Archon  
  46  8:04  Zealot  
  46  8:05  Zealot x2  
  52  8:29  Zealot  
  52  8:30  Zealot x6  
  52  8:38  Zealot x7  
  50  9:00  Zealot x4  
  50  9:01  Zealot x3  
  37  9:28  Dark Templar x2  
  41  9:32  Archon  
  37  9:54  Nexus  
  37  9:57  Stalker x2  
  40  10:01  Zealot  
  40  10:02  Zealot x3  

Tags
 
Add a new tag
Caveats
  • Supply blocks, unpowered buildings, or Contaminate may cause inaccurate times.
  • Supply counts are checked every 10 seconds.